AoeStats
← cihuncihome

Arena

510450676Analyzed
4v4 RM · 16h ago on Oct 1, 2026· 44m 37s· 8 players
Game mode
Random Map
Map size
Large (8 player)
Population
200
Speed
Normal
Resources
Standard
Victory
Conquest
Starting age
Dark Age
Ending age
Imperial Age
RankedLock teamsTeams togetherTeam positionsShared explorationLock speedFull tech treeHidden civsTurbo modeCheats
Victory
Defeat
🇨🇱 Sicilians · Chile
1026
+17
🇨🇴 Vikings · Colombia
1019
+17
🇨🇦 Spanish · Canada
1014
+18
🇨🇱 Persians · Chile
990
+19
🇨🇳 Huns · China
1117
-20
🇦🇷 Italians · Argentina
1110
-21
🇦🇷 Turks · Argentina
1032
-17
🇨🇱 Cumans · Chile
944
-13
Astro
7:38 Loom
10:02 Feudal Age
26:14 Fletching
Laundres
10:41 Feudal Age
14:52 Castle Age
13:22 Double-Bit Axe
13:39 Horse Collar
22:54 Scale Mail Armor
23:04 Forging
25:59 Bow Saw
25:52 Heavy Plow
25:48 Gold Mining
30:55 Chain Mail Armor
31:16 Iron Casting
41:19 Gold Shaft Mining
41:22 Stone Mining
46:28 Imperial Age
belen_dhv
11:23 Feudal Age
17:50 Castle Age
17:25 Wheelbarrow
17:53 Double-Bit Axe
17:50 Horse Collar
22:02 Wheelbarrow
22:12 Wheelbarrow
22:03 Heavy Plow
22:42 Bow Saw
23:38 Gold Mining
23:38 Stone Mining
23:53 Loom
25:36 Hand Cart
29:41 Forging
29:37 Scale Barding Armor
29:58 Town Watch
31:20 Iron Casting
33:48 Imperial Age
31:44 Chain Barding Armor
31:41 Bloodlines
31:31 Husbandry
33:00 Gold Shaft Mining
32:16 Stone Mining
33:17 Pikeman
34:18 Cavalier
36:36 Devotion
36:21 Savar
37:48 Stone Shaft Mining
38:14 Town Patrol
39:30 Plate Barding Armor
39:55 Blast Furnace
40:29 Capped Ram
42:06 Siege Ram
Garcito
4:27 Loom
11:27 Feudal Age
15:38 Castle Age
14:21 Double-Bit Axe
14:47 Horse Collar
21:25 Stone Mining
25:28 Scale Mail Armor
29:05 Bow Saw
SnK | ARAÑA
10:32 Feudal Age
11:38 Loom
15:32 Castle Age
13:42 Double-Bit Axe
13:57 Horse Collar
15:52 Wheelbarrow
15:28 Gold Mining
18:14 Heavy Plow
23:52 Stone Mining
25:07 Hand Cart
30:14 Fletching
30:24 Padded Archer Armor
33:13 Imperial Age
37:39 Chemistry
38:41 Conscription
Jimmy Jay
10:53 Feudal Age
12:15 Loom
14:55 Castle Age
13:28 Double-Bit Axe
14:33 Horse Collar
16:45 Wheelbarrow
16:27 Bow Saw
24:27 Wheelbarrow
23:58 Heavy Plow
26:07 Hand Cart
30:27 Imperial Age
28:39 Town Watch
29:16 Padded Archer Armor
31:31 Conscription
31:29 Leather Archer Armor
33:13 Scale Barding Armor
33:40 Ring Archer Armor
34:19 Guilds
35:11 Bloodlines
35:02 Husbandry
35:14 Forging
35:09 Heavy Camel Rider
37:39 Chain Barding Armor
40:02 Two-Man Saw
38:54 Gold Mining
38:55 Stone Mining
40:14 Plate Barding Armor
40:15 Iron Casting
43:04 Gold Shaft Mining
42:51 Elite Janissary
Zealot
7:10 Loom
10:21 Feudal Age
11:10 Double-Bit Axe
11:07 Horse Collar
12:06 Wheelbarrow
20:59 Castle Age
20:23 Forging
21:09 Scale Barding Armor
21:41 Bloodlines
21:49 Gold Mining
22:20 Hand Cart
22:48 Stone Mining
25:51 Chain Barding Armor
35:54 Iron Casting
cihuncihome
11:45 Feudal Age
13:43 Loom
21:48 Fletching
25:42 Double-Bit Axe
32:49 Castle Age
Connection lost

Rejoining the realm…

Still unreachable

The connection could not be restored.

Session expired

The server has moved on; the page needs a fresh start.